 Dungeon Crawl Stone Soup version 0.30-a0-1043-g60ff8d5f49 (webtiles) character file.

Game seed: 3463170835936283834

46 pokeman the Magician (level 3, -3/20 HPs)
             Began as a Deep Elf Hedge Wizard on Apr 9, 2023.
             Slain by a sleepcap (7 damage)
             ... on level 4 of the Dungeon.
             The game lasted 00:02:11 (1892 turns).

pokeman the Magician (Deep Elf Hedge Wizard)        Turns: 1892, Time: 00:02:12

Health: -3/20      AC:  3    Str:  7    XL:     3   Next: 46%
Magic:  9/11       EV:  2    Int: 20    God:
Gold:   88         SH:  0    Dex: 14    Spells: 4/12 levels left

rFire   . . .      SeeInvis .    k - +5 hand axe
rCold   . . .      Faith    .    (no shield)
rNeg    . . .      Spirit   .    b - +0 robe
rPois   .          Reflect  .    p - +0 helmet
rElec   .          Rampage  .    (no cloak)
rCorr   .                        (no gloves)
Will    .....                    (no boots)
Stlth   ++                       (no amulet)
HPRegen 0.23/turn                (no ring)
MPRegen 0.12/turn                (no ring)

@: sleeping
A: no striking features
a: no special abilities


You were on level 4 of the Dungeon.
You visited 1 branch of the dungeon, and saw 3 of its levels.

You collected 88 gold pieces.

Inventory:

Hand Weapons
 k - a +5 hand axe (weapon)
Armour
 b - a +0 robe (worn)
 p - a +0 helmet (worn)
Jewellery
 a - an amulet of guardian spirit
Scrolls
 e - a scroll of acquirement {unknown}
 g - 4 scrolls of identify {unknown}
 h - a scroll of enchant weapon {unknown}
 l - a scroll of enchant armour {unknown}
 n - a scroll of fog {unknown}
Potions
 d - a potion of magic
 f - a potion of might {unknown}
 i - a potion of flight {unknown}
 j - a potion of heal wounds {unknown}
 m - a potion of curing {unknown}
 o - a potion of resistance {unknown}


   Skills:
 + Level 0.9 Fighting
 + Level 1.0 Armour
 - Level 2.4 Dodging
 - Level 2.4 Stealth
 * Level 5.2 Spellcasting
 + Level 1.8 Conjurations
 - Level 1.1 Summonings
 - Level 1.1 Translocations


You had 4 spell levels left.
You knew the following spells:

 Your Spells              Type           Power      Damage    Failure   Level
a - Magic Dart            Conj           48%        1d5       5%          1
b - Mephitic Cloud        Conj/Pois/Air  7%         N/A       26%         3
c - Call Imp              Summ           18%        N/A       11%         2
d - Blink                 Tloc           18%        N/A       11%         2

Your spell library contained the following spells:

 Spells                   Type           Power      Damage    Failure   Level
 Slow                     Hex            20%        N/A       12%         1
 Cigotuvi's Dreadful Rot  Necr/Pois/Air  10%        N/A       17%         2


Dungeon Overview and Level Annotations

Branches:
Dungeon (2/15)

Altars:
Xom


Message History

You drop a +0 hat.
You now have 88 gold pieces (gained 7).
You see here a +0 hat.
g - 4 scrolls labelled WUMYM LYXUIN (gained 1)
A sourceless malevolence fills the Dungeon...
You fall into a shaft and drop 2 floors!
The shaft crumbles and collapses.
Found a leather armour.
Found a stone staircase leading up.
Found a stone staircase leading down.
Found 8 gold pieces.
A sleepcap comes into view.
Found 11 gold pieces.
Casting: Magic Dart (safe; 5% risk of failure)
Confirm with . or Enter, or press ? or * to list all spells.
A tiny devil pulls itself out of the air.
You slash the sleepcap!
The sleepcap is moderately damaged.
The sleepcap misses you.
You hit the sleepcap but do no damage.
The sleepcap is moderately damaged.
Your cerulean imp hits the sleepcap but does no damage.
The sleepcap releases spores at you!
You hit the sleepcap.
The sleepcap is heavily damaged.
Your cerulean imp hits the sleepcap but does no damage.
The sleepcap barely misses you.
Your cerulean imp hits the sleepcap but does no damage.
You hit the sleepcap but do no damage.
The sleepcap is heavily damaged.
The sleepcap releases spores at you!
* * * LOW HITPOINT WARNING * * *
Your cerulean imp hits the sleepcap from afar with a -4 spear.
The sleepcap releases spores at you.
* * * LOW HITPOINT WARNING * * *
You are engulfed in a cloud of soporific spores!
You fall asleep.
Your cerulean imp hits the sleepcap but does no damage.
The sleepcap releases spores at you!
You die...

##.....##########
#...............#
##.#.....#######.#
#........# #.#
#>.......# #.#
##..#.....#######.###
#.....<...........[..
#...5.##..#####......
#...@.##..# #......
#....f.....# #######
#.###...$.... #
#.#.#.... #.#.....#.
#.......$ ###.##..#
..


You could see a sleepcap (ally target) and a friendly cerulean imp (summoned).

Vanquished Creatures
  2 dart slugs
  3 endoplasms
  3 giant cockroaches
  6 hobgoblins
  A kobold (D:2)
  6 quokkas
  4 ball pythons
  3 bats
  3 frilled lizards
  3 goblins
  6 rats
40 creatures vanquished.

Notes
Turn   | Place    | Note
-------+----------+-------------------------------------------
     0 | D:1      | pokeman the Deep Elf Hedge Wizard began the quest for the
                  | Orb.
     0 | D:1      | Reached XP level 1. HP: 10/10 MP: 7/7
   552 | D:1      | Reached XP level 2. HP: 16/16 MP: 5/9
   955 | D:1      | Found a faded altar of an unknown god.
  1060 | D:1      | Reached skill level 5 in Spellcasting
  1365 | D:2      | Reached XP level 3. HP: 20/20 MP: 4/11
  1369 | D:2      | Learned a level 3 spell: Mephitic Cloud
  1372 | D:2      | Learned a level 2 spell: Call Imp
  1375 | D:2      | Learned a level 2 spell: Blink
  1633 | D:2      | Found a shimmering altar of Xom.
  1783 | D:2      | Reached skill level 1 in Armour
  1865 | D:2      | You fall into a shaft and drop 2 floors!
  1892 | D:4      | Slain by a sleepcap

Illustrated notes

Levels and vault maps discovered:
D:1:      dpeg_arrival_three_same_balls, layout_loops_cross,
          shapermc_ecumenical_altar_ellora
D:2:      minmay_spotlight, layout_rooms, basic_altar
D:4:      layout_basic, uniq_menkaure

Skill      XL: |  1  2  3 |
---------------+----------+-----
Spellcasting   | 5 |  5.2
Armour         | 1 |  1.0
Fighting       | |  0.9
Dodging        | |  2.4
Stealth        | |  2.4
Conjurations   | |  1.8
Summonings     | |  1.1
Translocations | |  1.1

Action                     || total
---------------------------++-------
  Melee: Dagger            ||     4
         Hand axe          ||     9
   Cast: Magic Dart        ||   110
         Call Imp          ||     1
 Armour: Robe              ||     3
  Dodge: Dodged            ||    17

Table legend: (Time is in decaauts)
 A = Elapsed time spent in this place.
 B = Non-inter-level travel time spent in this place.
 C = Inter-level travel time spent in this place.
 D = Time resting spent in this place.
 E = Time spent auto-exploring this place.
 F = Levels seen in this place.
 G = Mean time per level.
                   A        B        C        D        E       F      G
               +--------+--------+--------+--------+--------+-----+--------+
         Total |   1893 |   1869 |     24 |      0 |   1636 |   3 |  631.0 |
       Dungeon |   1893 |   1869 |     24 |      0 |   1636 |   3 |  631.0 |
               +--------+--------+--------+--------+--------+-----+--------+

Top non-repeatable levels by time:
     D:1: 1327 daAuts
     D:2: 538 daAuts
     D:4: 27 daAuts
